 Dungeon Crawl Stone Soup version 0.28-a0-883-gc8d7bad45d (webtiles) character file.

Game seed: 7729860674266278367

330049 swappor the Warrior (level 20, -3/187 (193) HPs)
             Began as a Minotaur Berserker on Nov 21, 2021.
             Was the Champion of Trog.
             Shot with an arrow by a deep elf master archer (7 damage)
             ... on level 3 of the Elven Halls on Nov 22, 2021.
             The game lasted 03:32:25 (58253 turns).

swappor the Warrior (Minotaur Berserker)           Turns: 58253, Time: 03:32:25

HP:   -3/187 (193)  AC: 30    Str: 30    XL:     20   Next: 84%
MP:   0/19          EV: 15    Int:  4    God:    Trog [******]
Gold: 2000          SH: 18    Dex: 11    Spells: 19/19 levels left

rFire   + . .      SeeInvis .   a - +9 broad axe (flame)
rCold   + . .      Faith    .   E - +5 kite shield
rNeg    . . .      Spirit   +   D - +7 plate armour of Zoixty Kuar {Slay+3}
rPois   .          Reflect  .   (helmet restricted)
rElec   .          Harm     .   z - scarf {rC+ rF+}
rCorr   .          Rampage  .   m - +1 pair of gloves
Will    +++..                   r - +0 pair of boots
Stlth   ..........              G - amulet of guardian spirit
HPRegen 0.41/turn               c - ring of willpower
MPRegen 0.16/turn               t - ring of willpower

@: on berserk cooldown, lightly drained
A: horns 2, retaliatory headbutt
}: 2/15 runes: serpentine, barnacled
a: Renounce Religion, Berserk, Trog's Hand, Brothers in Arms


You were on level 3 of the Elven Halls.
You worshipped Trog.
Trog was exalted by your worship.
You visited 7 branches of the dungeon, and saw 35 of its levels.
You also visited: Volcano and Desolation.

You collected 4205 gold pieces.
You spent 2205 gold pieces at shops.


Innate Abilities, Weirdness & Mutations

You have a pair of horns on your head.
You reflexively headbutt those who attack you in melee.


   Skills:
 - Level 20.0 Fighting
 - Level 18.0 Axes
 - Level 20.0 Armour
 + Level 18.4 Dodging
 - Level 15.5 Shields
 - Level 15.0 Evocations


You had 19 spell levels left.
You didn't know any spells.
Your spell library contained the following spells:

 Spells                   Type           Power      Damage    Failure   Level
 Animate Skeleton         Necr           0%         N/A       93%         1
 Foxfire                  Conj/Fire      0%         2x1d4     93%         1
 Magic Dart               Conj           0%         1d3       93%         1
 Pain                     Necr           0%         1d4       93%         1
 Shock                    Conj/Air       0%         1d3       93%         1
 Sting                    Tmut/Pois      0%         1d3       93%         1
 Blink                    Tloc           0%         N/A       98%         2
 Call Imp                 Summ           0%         N/A       98%         2
 Corpse Rot               Necr/Air       0%         N/A       98%         2
 Passwall                 Tmut/Erth      0%         N/A       98%         2
 Poisonous Vapours        Pois/Air       0%         N/A       98%         2
 Searing Ray              Conj           0%         2d4       98%         2
 Static Discharge         Conj/Air       0%         N/A       98%         2
 Sublimation of Blood     Necr           0%         N/A       98%         2
 Wereblood                Tmut           0%         N/A       98%         2
 Conjure Flame            Conj/Fire      0%         6-21      100%        3
 Dazzling Flash           Conj/Hex       0%         N/A       100%        3
 Gell's Gravitas          Tloc           0%         N/A       100%        3
 Ignite Poison            Fire/Tmut/Pois 0%         N/A       100%        3
 Inner Flame              Hex/Fire       0%         N/A       100%        3
 Lesser Beckoning         Tloc           0%         N/A       100%        3
 Mephitic Cloud           Conj/Pois/Air  0%         N/A       100%        3
 Ozocubu's Armour         Ice            0%         N/A       100%        3
 Swiftness                Air            0%         N/A       100%        3
 Teleport Other           Tloc           0%         N/A       100%        3
 Vampiric Draining        Necr           0%         2d6       100%        3
 Animate Armour           Summ/Erth      0%         N/A       100%        4
 Dispel Undead            Necr           0%         3d6       100%        4
 Flame Wave               Conj/Fire      0%         3d3       100%        4
 Fulminant Prism          Conj/Hex       0%         3d6       100%        4
 Olgreb's Toxic Radiance  Pois           0%         N/A       100%        4
 Petrify                  Tmut/Erth      0%         N/A       100%        4
 Sticky Flame             Conj/Fire      0%         2d3       100%        4
 Summon Ice Beast         Ice/Summ       0%         N/A       100%        4
 Agony                    Necr           0%         N/A       100%        5
 Alistair's Intoxication  Tmut/Pois      0%         N/A       100%        5
 Borgnjor's Vile Clutch   Necr/Erth      0%         N/A       100%        5
 Fireball                 Conj/Fire      0%         3d3       100%        5
 Freezing Cloud           Conj/Ice/Air   0%         6-21      100%        5
 Irradiate                Conj/Tmut      0%         3d13      100%        5
 Iskenderun's Battlesphe  Conj           0%         2d6       100%        5
 Lightning Bolt           Conj/Air       0%         1d11      100%        5
 Metabolic Englaciation   Hex/Ice        0%         N/A       100%        5
 Silence                  Hex/Air        0%         N/A       100%        5
 Summon Mana Viper        Hex/Summ       0%         N/A       100%        5
 Death Channel            Necr           0%         N/A       100%        6
 Eringya's Noxious Bog    Tmut/Pois      0%         N/A       100%        6
 Iron Shot                Conj/Erth      0%         9d1       100%        6
 Haunt                    Necr/Summ      0%         N/A       100%        7
 Spellforged Servitor     Conj/Summ      0%         N/A       100%        7
 Summon Hydra             Summ           0%         N/A       100%        7
 Maxwell's Capacitive Co  Air            0%         ∞         100%        8

Inventory:

Hand Weapons
 a - a +9 broad axe of flaming (weapon)
   (Trog gifted it to you on level 2 of the Snake Pit)
 b - the +10 broad axe of Mandamus {venom, *Noise rF+++ rN+}
   (You bought it in a shop on level 2 of the Orcish Mines)

   It poisons the flesh of those it strikes.
   rF:        It renders you almost immune to fire.
   rN:        It protects you from negative energy.
   *Noise:    It may make noises in combat.
Missiles
 L - 48 stones
 X - 4 throwing nets (quivered) {=f!f}
 Z - 64 arrows
Armour
 m - a +1 pair of gloves (worn)
   (You found it on level 2 of the Dungeon)
 r - a +0 pair of boots (worn)
   (You found it on level 3 of the Dungeon)
 z - a scarf of resistance (worn)
   (You found it on level 7 of the Dungeon)
 D - the +7 plate armour of Zoixty Kuar (worn) {Slay+3}
   (You found it on level 7 of the Dungeon)

   Slay:      It affects your accuracy & damage with ranged weapons and melee
   (+3).
 E - a +5 kite shield (worn)
   (You found it on level 7 of the Dungeon)
Jewellery
 c - a ring of willpower (left hand)
   (You found it on level 6 of the Lair of Beasts)
 t - a ring of willpower (right hand)
   (You found it on level 5 of the Lair of Beasts)
 G - an amulet of guardian spirit (around neck)
   (You found it on level 3 of the Dungeon)
 P - a ring of poison resistance
   (You found it on level 2 of the Snake Pit)
 R - a ring of resist corrosion
   (You found it on level 5 of the Dungeon)
 Y - a +4 ring of slaying
   (You found it on level 3 of the Elven Halls)
Wands
 k - a wand of flame (74)
   (You took it off Robin on level 2 of the Dungeon)
 x - a wand of iceblast (62)
   (You found it on level 10 of the Dungeon)
 F - a wand of acid (6)
   (You found it on level 5 of the Dungeon)
 H - a wand of mindburst (44)
   (You took it off a gnoll sergeant on level 10 of the Dungeon)
 J - a wand of digging (7)
   (You found it on level 2 of the Dungeon)
 M - a wand of polymorph (7)
   (You found it on level 3 of the Snake Pit)
 S - a wand of charming (9)
   (You took it off Maurice on level 1 of the Orcish Mines)
Scrolls
 d - 16 scrolls of teleportation {@r4}
 e - 5 scrolls of summoning
 f - 2 scrolls of brand weapon
 l - 2 scrolls of enchant weapon
 p - a scroll of fog
 u - 4 scrolls of fear
 v - a scroll of holy word
 y - 4 scrolls of magic mapping {!r}
 Q - 2 scrolls of blinking {!r}
 T - a scroll of silence {!r}
 U - 22 scrolls of identify {@r1}
 W - a scroll of enchant armour
Potions
 g - 3 potions of ambrosia
 h - 12 potions of invisibility
 i - 7 potions of attraction {!q}
 n - 7 potions of might
 o - a potion of lignification {!q}
 q - 4 potions of heal wounds {@q2}
 s - 2 potions of mutation {!q}
 w - 9 potions of flight
 A - a potion of berserk rage {!q}
 B - a potion of resistance
 C - a potion of brilliance
 I - a potion of haste {@q3}
 N - 6 potions of curing {@q1}
 O - 3 potions of magic
 V - a potion of cancellation
Miscellaneous
 j - a phantom mirror
   (You found it in the Desolation of Salt)
 K - a phial of floods
   (You found it on level 9 of the Dungeon)

Dungeon Overview and Level Annotations

Branches:
Dungeon (15/15)            Temple (1/1) D:4            Lair (6/6) D:8
 Shoals (4/4) Lair:2        Snake (4/4) Lair:4        Slime (0/5) Lair:6
    Orc (2/2) D:9             Elf (3/3) Orc:2        Vaults (0/5) D:13
 Depths (0/4) D:15        Volcano (visited)         Desolation (visited)

Altars:
Ashenzari
Cheibriados
Dithmenos
Elyvilon
Fedhas
Gozag
Hepliaklqana
Kikubaaqudgha
Makhleb
Nemelex Xobeh
Okawaru
Qazlal
Ru
Sif Muna
Trog
Uskayaw
Vehumet
Wu Jian
Xom
Yredelemnul
Zin
The Shining One
Beogh

Shops:
D:2 [[   D:11 ?[*[   Orc:2 [(([!   Elf:3 :   Shoals:2 =   Snake:2 =:: Snake:4

!*[[
.#####.......+.........#####.##..
.....'.......+......##.# #......
.#####......##..###########..#...
.# ##....###''## ##.⌠.##..##.⌠.
.### ##..........###.....#..#....
...# #.........§..##⌠.⌠..'..#...<
#..###.............#.....#..#....
.....'.......§§ee.###.⌠.##..##.⌠.
.....'......§§§§@## #######..#)..
#..###......§§§e## #..# #...)).
#..# ##.....§§§## #..# ##.##..
#..# #######§## #..#####..###
#..# #§# #......##.... #..### #.#
#..#######...
.....########e#######..# ####.
#....#...#.............# #..#.
####...................######..#.


You could see a deep elf master archer, a deep elf annihilator and a deep elf
pyromancer.


Message History

You feel very sick. 😨 HP[-2] MP[+1]
You take 2 damage, and now have 52/187 hp.
You feel sick. 😨 HP[-1]
You take 1 damage, and now have 51/187 hp.
You feel sick.
There is an open door here. 😨 HP[-1]
You take 1 damage, and now have 50/187 hp.
You feel sick.
The deep elf master archer shoots an arrow.
The arrow hits you!
* * * LOW HITPOINT WARNING * * *
😱 HP[-13] MP[-3]
You take 13 damage, and now have 37/187 hp.
You lost 3 mp, and now have 9/19 mp.
Okay, then.
As you read the scroll of fog, it crumbles to dust.
The scroll dissolves into smoke.
You feel sick. 😱 MP[+1]
You feel sick.
You are no longer poisoned. 😱 HP[-1]
You take 1 damage, and now have 36/187 hp.
The deep elf master archer shoots an arrow.
The arrow hits you!!
* * * LOW HITPOINT WARNING * * *
😱 HP[-19] MP[-5]
You take 19 damage, and now have 17/187 hp.
You lost 5 mp, and now have 5/19 mp.
You feel much better.
The deep elf master archer shoots an arrow.
The arrow hits you!
* * * LOW HITPOINT WARNING * * *
😱 HP[+15] MP[-1]
You regained 15 hp, and now have 32/187 hp.
You lost 1 mp, and now have 4/19 mp.
Okay, then.
As you read the scroll of fear, it crumbles to dust.
You assume a fearsome visage.
The deep elf death mage easily resists.
The deep elf master archer resists with some effort.
The deep elf master archer shoots an arrow.
You block the arrow. 😱 HP[+1] MP[+1]
As you read the scroll of fear, it crumbles to dust.
You assume a fearsome visage.
The deep elf annihilator resists with almost no effort.
The deep elf death mage resists with almost no effort.
The deep elf master archer looks frightened! 😱 HP[+1]
You hit the deep elf death mage. You burn the deep elf death mage.
You headbutt the deep elf death mage!
You completely miss the deep elf annihilator.
You block the deep elf death mage's attack.
You block the deep elf annihilator's attack.
The deep elf death mage hits you with a +0 rapier!
* * * LOW HITPOINT WARNING * * *
😱 HP[-8] MP[-1]
You take 8 damage, and now have 26/187 hp.
You lost 1 mp, and now have 4/19 mp.
As you read the scroll of fear, it crumbles to dust.
You assume a fearsome visage.
The deep elf annihilator resists with almost no effort.
The deep elf death mage looks frightened!
The deep elf annihilator gestures at you while chanting.
The poison arrow hits you!!
You are poisoned.
* * * LOW HITPOINT WARNING * * *
The deep elf annihilator hits you but does no damage. 😱 HP[-20] MP[-3]
You take 20 damage, and now have 6/187 hp.
You lost 3 mp, and now have 1/19 mp.
You feel much better.
You feel extremely sick.
The deep elf annihilator hits you but does no damage. 😱 HP[+14] MP[+1]
You regained 14 hp, and now have 20/187 hp.
Okay, then.
Your magical effects are unravelling.
You feel magically purged.
You feel yourself speed up.
You feel very sick.
The deep elf annihilator closely misses you. 😱 HP[-4]
You take 4 damage, and now have 16/187 hp.
You feel better. 😱 HP[+9]
You regained 9 hp, and now have 25/187 hp.
You feel much better.
The deep elf master archer shoots an arrow.
The arrow hits you!!
* * * LOW HITPOINT WARNING * * *
The deep elf annihilator gestures at you while chanting.
The bolt of lightning hits you!!
* * * LOW HITPOINT WARNING * * *
The bolt of lightning misses you.
The deep elf master archer shoots an arrow.
The arrow hits you!
You die...

Skill      XL: |  1  2  3  4  5  6  7  8  9 10 11 12 13 14 15 16 17 18 19 20 |
---------------+-------------------------------------------------------------+-----
Fighting       | 4 5 6 7 8 10 12 13 14 15 16 18 19 20 | 20.0
Axes           | 4 5 6 7 8 10 12 13 14 15 16 18 | 18.0
Shields        | 2 4 6 7 9 10 12 14 15 | 15.5
Evocations     | 1 3 4 5 6 7 8 9 10 12 14 15 | 15.0
Armour         | 3 5 6 8 9 10 12 14 17 18 20 | 20.0
Dodging        | 3 4 6 7 8 9 10 11 12 14 16 18 | 18.4

Action                   |  1- 3 |  4- 6 |  7- 9 | 10-12 | 13-15 | 16-18 | 19-21 || total
-------------------------+-------+-------+-------+-------+-------+-------+-------++-------
Melee: Hand axe          |    75 |   164 |   214 |   630 |   845 |   103 |       ||  2031
       Headbutt          |     9 |    33 |    40 |   174 |   213 |   299 |   191 ||   959
       Broad axe         |       |       |       |       |       |  1064 |   937 ||  2001
Throw: Stone             |       |     4 |       |       |       |       |       ||     4
Invok: Berserk           |     4 |     3 |     6 |     9 |     7 |    10 |     8 ||    47
       Trog's Hand       |       |       |     2 |     1 |       |     7 |     4 ||    14
       Brothers in Arms  |       |       |       |       |       |     2 |     3 ||     5
Evoke: Wand              |       |       |       |     7 |       |    10 |       ||    17
  Use: Scroll            |     1 |     4 |    12 |     5 |     8 |     8 |     7 ||    45
       Potion            |       |       |       |       |     4 |     2 |     9 ||    15
 Stab: Petrifying        |       |       |       |       |     4 |       |       ||     4
       Petrified         |       |       |       |       |     1 |       |       ||     1
       Distracted        |       |       |       |       |       |     1 |       ||     1
Armor: Animal skin       |    14 |       |       |       |       |       |       ||    14
       Ring mail         |     6 |    58 |    47 |       |       |       |       ||   111
       Plate armour      |       |       |    57 |   262 |   365 |   483 |   389 ||  1556
Dodge: Dodged            |    67 |    79 |    81 |   107 |   231 |   398 |   336 ||  1299
Block: Kite shield       |       |       |    37 |   282 |   405 |   865 |   628 ||  2217

Levels and vault maps discovered:
D:1:      dpeg_arrival_solitude, layout_loops_corners
D:2:      layout_loops_ring, serial_shops, shop, nicolae_shop_crystal,
          minmay_quantized, uniq_robin
D:3:      layout_loops_cross, hellmonk_ecumenical_altar_blasted
D:4:      layout_basic, minmay_temple_entry_wispy
D:5:      layout_loops_ring, minmay_bent
D:6:      layout_loops_ring, chequers_avenue, uniq_edmund
D:7:      corexii_shack_village, layout_basic, st_stairs_8
D:8:      layout_basic, david_lair_generic, grunt_tough_drop
D:9:      layout_irregular_city, amcnicky_altar_gilded,
          amethyst_overflow_temple_binary, jmf_multi_god_temple2, erik_orc_3,
          amcnicky_mini_corridor_feature, kennysheep_generic_room_3
D:10:     layout_long_grid, mainiacjoe_overflow_chevrons, minivault_19
D:11:     layout_cave_pods, gammafunk_ghost_icy, serial_shops, shop,
          nicolae_take_the_stairs, kennysheep_little_box, nicolae_shop_stone
D:12:     layout_roguey
D:13:     layout_layer_cave, ximxim_vaults_locker_room, grunt_ministairs_2,
          minmay_circle_x
D:14:     layout_basic, elyvilon_altar_4, chequers_serial_rivers_micro_d
D:15:     grunt_enter_depths_magical_seal, layout_cave_pools,
          fiery_altar_vehumet
Temple:   nicolae_temple_elliptical
Lair:1:   layout_layer_cave, st_stairs_13, beast_lair_carwin_9
Lair:2:   gammafunk_indiana_jones, layout_big_grid, elwin_shoals_entry_rocks,
          chequers_serial_rivers_large_b
Lair:3:   statuecave_lemuel, layout_loops_ring, enter_volcano_3,
          nzn_sisyphean_effort, grunt_megastairs_4
Lair:4:   layout_hall_layers, minmay_snake_entry_six_corridors,
          nicolae_lair_lil_pond, serial_bayou_shore_a
Lair:5:   nzn_winding_woodlands_small [nzn_winding_woodlands_5x15_lazy_stream,
          nzn_winding_woodlands_center_triple_pond,
          nzn_winding_woodlands_5x15_crooked], layout_gridlike
Lair:6:   wormcave, layout_hall_layers, hangedman_lair_tendril_chambers,
          nicolae_slime_entry_slimehenge, special_room
          [special_room_mythical_zoo], minmay_lair_drake_nest,
          infiniplex_staircase_pool
Shoals:1: layout_shoals, abandoned_shop
Shoals:2: layout_shoals, minmay_shop_enchanted_jewellery, uniq_ilsuiw,
          uniq_louise, uniq_polyphemus
Shoals:3: layout_shoals, uniq_kirke
Shoals:4: shoals_end_grunt_garden, layout_shoals, uniq_mlioglotl
Snake:1:  layout_rooms, nrook_guardian_serpent_ordinary, uniq_aizul
Snake:2:  layout_onion, drop_trap, grunt_ministairs_6,
          hangedman_snake_wide_pillar_pass, minmay_shop_grove, uniq_vashnia
Snake:3:  layout_basic
Snake:4:  hellmonk_snake_rune_quicksilver_temple, layout_chambers, serial_shops,
          shop, shop, nicolae_shop_stone, nicolae_shop_behind_doors,
          serial_bayou_shore_b
Orc:1:    layout_caves, minmay_orc_temple_a, uniq_nergalle, uniq_maurice
Orc:2:    st_orc_rangers, layout_diamond_mine, serial_shops,
          nicolae_shop_crystal, gammafunk_ghost_wrathful_warriors
Elf:1:    eino_elf_arrival_altar, layout_loops_corners,
          portal_desolation_entry_salt, minmay_elf_annihilation, drop_trap,
          uniq_nikola
Elf:2:    elven_hall_of_blades_hangedman_original
          [nicolae_blade_entry_floor_patterns], layout_geoelf_octagon
Elf:3:    elf_hall, layout_gridlike, serial_shops, shop, grunt_megastairs_2

Notes
Turn   | Place    | Note
-------+----------+-------------------------------------------
     0 | D:1      | swappor the Minotaur Berserker began the quest for the Orb.
     0 | D:1      | Reached XP level 1. HP: 19/19 MP: 0/0
     0 | D:1      | magus.rc [v1.11.2]
    29 | D:1      | You pick up a book of Decay {forbidden} and begin
                  | reading...
    29 | D:1      | You add the spells Corpse Rot, Dispel Undead and Death
                  | Channel to your library.
   284 | D:1      | Reached skill level 4 in Fighting
   284 | D:1      | Reached skill level 4 in Axes
   328 | D:1      | Reached XP level 2. HP: 22/27 MP: 1/1
   861 | D:1      | HP: 3/27 [gnoll (6)]
   863 | D:1      | Reached XP level 3. HP: 5/34 MP: 2/2
  1291 | D:2      | Identified the +2 helmet of Solecozawu {rPois rC+ Dex+3}
  1291 | D:2      | Noticed Robin
  1932 | D:2      | Killed Robin
  2417 | D:2      | Reached skill level 5 in Axes
  2417 | D:2      | Reached XP level 4. HP: 37/41 MP: 3/3
  2478 | D:2      | Found Zoqialel's Armour Emporium.
  2480 | D:2      | Reached skill level 5 in Fighting
  2492 | D:2      | Found Emoul's Armour Boutique.
  2733 | D:2      | Noticed a scorpion
  2742 | D:2      | Killed a scorpion
  2743 | D:2      | Reached XP level 5. HP: 49/49 MP: 4/4
  2854 | D:2      | Reached ** piety under Trog
  2905 | D:2      | You pick up a book of Decay {forbidden} and begin
                  | reading...
  3442 | D:3      | Found a faded altar of an unknown god.
  3603 | D:3      | Reached skill level 6 in Fighting
  3603 | D:3      | Reached skill level 6 in Axes
  3621 | D:3      | HP: 18/75 [gnoll (1)]
  3626 | D:3      | HP: 11/75 [poisoned by a gnoll]
  4444 | D:4      | Noticed an ice beast
  4450 | D:4      | Killed an ice beast
  4451 | D:4      | Reached XP level 6. HP: 58/58 MP: 3/5
  4637 | D:4      | Reached skill level 7 in Fighting
  4637 | D:4      | Reached skill level 7 in Axes
  4670 | D:4      | Found a staircase to the Ecumenical Temple.
  4819 | D:4      | Reached *** piety under Trog
  5075 | D:4      | Reached XP level 7. HP: 40/66 MP: 2/6
  5567 | Temple   | Entered the Ecumenical Temple
  5788 | D:5      | Entered Level 5 of the Dungeon
  6041 | D:5      | Reached skill level 8 in Fighting
  6041 | D:5      | Reached skill level 8 in Axes
  6051 | D:5      | You pick up a book of Vapours {forbidden} and begin
                  | reading...
  6168 | D:5      | Noticed a troll
  6172 | D:5      | Killed a troll
  6173 | D:5      | Reached XP level 8. HP: 75/75 MP: 7/7
  6199 | D:5      | Reached skill level 9 in Fighting
  6199 | D:5      | Reached skill level 9 in Axes
  7131 | D:6      | Noticed a two-headed ogre
  7139 | D:6      | Reached skill level 10 in Fighting
  7139 | D:6      | Reached skill level 10 in Axes
  7147 | D:6      | Killed a two-headed ogre
  7148 | D:6      | Reached XP level 9. HP: 86/86 MP: 5/8
  7199 | D:6      | Reached skill level 11 in Fighting
  7199 | D:6      | Reached skill level 11 in Axes
  7553 | D:6      | You pick up a book of Burglary {forbidden} and begin
                  | reading...
  7553 | D:6      | You add the spells Passwall and Swiftness to your library.
  7584 | D:6      | Noticed Edmund
  7590 | D:6      | Killed Edmund
  7639 | D:6      | You add the spells Sting and Olgreb's Toxic Radiance to
                  | your library.
  7771 | D:6      | You pick up a book of the Senses {forbidden} and begin
                  | reading...
  7771 | D:6      | You add the spells Dazzling Flash, Agony and Silence to
                  | your library.
  7991 | D:6      | HP: 21/89 [steam dragon] (6)]
  7994 | D:6      | HP: 3/89 [something (8)]
  8377 | D:7      | You pick up a book of Flames {forbidden} and begin
                  | reading...
  8377 | D:7      | You add the spells Foxfire, Conjure Flame, Inner Flame and
                  | Flame Wave to your library.
  8554 | D:7      | Reached skill level 1 in Shields
  8640 | D:7      | Reached skill level 1 in Evocations
  8795 | D:7      | Reached skill level 3 in Armour
  8831 | D:7      | Reached **** piety under Trog
  8835 | D:7      | Reached skill level 3 in Dodging
  8835 | D:7      | Reached skill level 2 in Shields
  9068 | D:7      | Identified the +7 plate armour of Zoixty Kuar {Slay+3}
  9379 | D:7      | Reached skill level 12 in Fighting
  9379 | D:7      | Reached skill level 12 in Axes
  9838 | D:8      | Reached XP level 10. HP: 97/97 MP: 9/9
  9947 | D:8      | Noticed an elephant
  9948 | D:8      | Found a staircase to the Lair.
  9962 | D:8      | Killed an elephant
  9963 | D:8      | Reached skill level 4 in Armour
  9963 | D:8      | Reached skill level 2 in Evocations
  9965 | D:8      | Reached skill level 3 in Shields
 10714 | D:8      | Reached skill level 4 in Dodging
 10773 | D:9      | Paralysed by a hornet for 2 turns
 10864 | D:9      | Noticed a two-headed ogre
 10877 | D:9      | Killed a two-headed ogre
 10878 | D:9      | Reached skill level 4 in Shields
 10880 | D:9      | Reached skill level 3 in Evocations
 11027 | D:9      | Found a large runed translucent door.
 11027 | D:9      | Found a large runed translucent door.
 11063 | D:9      | Reached skill level 5 in Armour
 11071 | D:9      | Reached skill level 13 in Fighting
 11071 | D:9      | Reached skill level 13 in Axes
 11084 | D:9      | Found a staircase to the Orcish Mines.
 11374 | D:9      | Noticed a two-headed ogre
 11384 | D:9      | Killed a two-headed ogre
 11603 | D:9      | Found a glowing silver altar of Zin.
 11780 | D:9      | Found a stormy altar of Qazlal.
 11787 | D:9      | Reached XP level 11. HP: 78/107 MP: 6/10
 11787 | D:9      | Found an opulent altar of Gozag.
 11986 | D:9      | Found a bloodstained altar of Trog.
 11998 | D:9      | Found a basalt altar of Yredelemnul.
 12043 | D:10     | Entered Level 10 of the Dungeon
 12318 | D:10     | Reached skill level 5 in Dodging
 12523 | D:10     | Found a shimmering altar of Xom.
 12585 | D:10     | Reached skill level 5 in Shields
 12992 | D:10     | Reached ***** piety under Trog
 13220 | D:11     | Noticed a boulder beetle
 13252 | D:10     | Killed a boulder beetle
 13253 | D:10     | Reached skill level 6 in Armour
 13253 | D:10     | Reached skill level 4 in Evocations
 13366 | D:11     | Found Tynih's Assorted Antiques.
 13381 | D:11     | Found a runed translucent gate.
 13381 | D:11     | Found a runed translucent gate.
 13381 | D:11     | Found a runed translucent gate.
 13421 | D:11     | Noticed Rennog's ghost (novice TrFi)
 13457 | D:11     | Found Tayff's Antique Armour Shoppe.
 13466 | D:11     | Noticed a boulder beetle
 13500 | D:11     | HP: 27/108 [boulder beetle (10)]
 13513 | D:11     | Killed a boulder beetle
 13825 | D:11     | Identified the +1 hand axe "Noaf" {drain, Will+ Int+6}
 13840 | D:11     | Found Uteroas's Magic Scroll Shoppe.
 14093 | D:11     | Reached skill level 14 in Fighting
 14148 | D:11     | Found Fuh Pub's Armour Shop.
 14340 | D:11     | You fall into a shaft and drop 1 floor!
 14349 | D:12     | Reached skill level 14 in Axes
 14445 | D:12     | Reached skill level 6 in Shields
 14540 | D:12     | Noticed a skeletal warrior
 14540 | D:12     | Noticed a skeletal warrior
 14561 | D:12     | Killed a skeletal warrior
 14562 | D:12     | Reached skill level 6 in Dodging
 14569 | D:12     | Killed a skeletal warrior
 14631 | D:12     | Noticed a skeletal warrior
 14654 | D:12     | Killed a skeletal warrior
 14655 | D:12     | Reached XP level 12. HP: 111/118 MP: 9/11
 14799 | D:12     | Noticed a two-headed ogre
 14807 | D:12     | Killed a two-headed ogre
 14955 | D:12     | Reached skill level 7 in Armour
 15109 | D:12     | Noticed a two-headed ogre
 15119 | D:12     | Killed a two-headed ogre
 15233 | D:12     | You pick up a book of Minor Magic {forbidden} and begin
                  | reading...
 15233 | D:12     | You add the spells Magic Dart, Call Imp and Mephitic Cloud
                  | to your library.
 15356 | D:12     | Reached skill level 5 in Evocations
 15651 | D:12     | Noticed a two-headed ogre
 15656 | D:12     | Killed a two-headed ogre
 16016 | D:11     | Killed Rennog's ghost
 16065 | D:11     | Reached skill level 15 in Axes
 16090 | D:11     | You add the spells Blink, Animate Armour, Summon Mana Viper
                  | and Haunt to your library.
 16090 | D:11     | Got the Papyrus of Summoning and Displacement {forbidden}
 16285 | Lair:1   | Entered Level 1 of the Lair of Beasts
 16285 | Lair:1   | Noticed a four-headed hydra
 16288 | Lair:1   | Killed a four-headed hydra
 16289 | Lair:1   | Reached skill level 15 in Fighting
 16289 | Lair:1   | Reached skill level 7 in Shields
 16463 | Lair:1   | Noticed a five-headed hydra
 16467 | Lair:1   | Killed a five-headed hydra
 16468 | Lair:1   | Reached skill level 7 in Dodging
 16722 | Lair:1   | You pick up a book of Power {forbidden} and begin
                  | reading...
 16722 | Lair:1   | You add the spells Iskenderun's Battlesphere, Iron Shot and
                  | Spellforged Servitor to your library.
 17518 | Lair:1   | Reached skill level 8 in Armour
 17754 | Lair:2   | Found a staircase to the Shoals.
 18247 | Lair:2   | Found a runed translucent door.
 18258 | Lair:2   | Reached XP level 13. HP: 127/127 MP: 12/12
 18268 | Lair:2   | Identified the -1 hat of Elyvilon's Pride {rF- rC+++}
 18293 | Lair:2   | Found a runed translucent gate.
 18293 | Lair:2   | Found a runed translucent gate.
 18293 | Lair:2   | Found a runed translucent gate.
 18293 | Lair:2   | Found a runed translucent gate.
 18294 | Lair:2   | Found a runed translucent gate.
 18296 | Lair:2   | Found a runed translucent gate.
 18298 | Lair:2   | Found the amulet of the Air {Inacc Air Fly rElec RMsl}
 18461 | Lair:2   | Reached skill level 6 in Evocations
 18701 | Lair:3   | Reached skill level 8 in Shields
 18729 | Lair:3   | Found a dark tunnel.
 18747 | Lair:3   | Reached skill level 16 in Fighting
 18747 | Lair:3   | Reached skill level 16 in Axes
 18751 | Volcano  | Entered a volcano
 18907 | Volcano  | Reached skill level 8 in Dodging
 18913 | Volcano  | Received a gift from Trog
 19891 | Lair:4   | Reached skill level 9 in Armour
 20518 | Lair:4   | Found a staircase to the Snake Pit.
 21420 | Lair:5   | You pick up a book of Blood {forbidden} and begin
                  | reading...
 21420 | Lair:5   | You add the spells Sublimation of Blood, Wereblood and
                  | Summon Hydra to your library.
 21526 | Lair:5   | Reached skill level 9 in Shields
 21532 | Lair:5   | Reached XP level 14. HP: 136/138 MP: 11/13
 21930 | Lair:5   | Reached skill level 7 in Evocations
 22251 | Lair:5   | Reached skill level 17 in Fighting
 22251 | Lair:5   | Reached skill level 17 in Axes
 22254 | Lair:5   | You pick up a book of Touch {forbidden} and begin
                  | reading...
 22254 | Lair:5   | You add the spells Static Discharge and Sticky Flame to
                  | your library.
 22648 | Lair:6   | Entered Level 6 of the Lair of Beasts
 23214 | Lair:6   | Found a staircase to the Slime Pits.
 23394 | Lair:6   | Reached skill level 9 in Dodging
 23571 | Lair:6   | You pick up a book of Alchemy {forbidden} and begin
                  | reading...
 23571 | Lair:6   | You add the spells Petrify and Irradiate to your library.
 23709 | Lair:6   | Reached ****** piety under Trog
 23710 | Lair:6   | Reached skill level 10 in Armour
 23726 | Lair:6   | Received a gift from Trog
 23741 | Lair:6   | Reached skill level 10 in Shields
 23750 | Lair:6   | HP: 50/211 [poisoned by a cane toad]
 23755 | Lair:6   | HP: 25/211 [poisoned by a cane toad]
 23760 | Lair:6   | HP: 12/211 [poisoned by a cane toad]
 23765 | Lair:6   | HP: 6/141 [poisoned by a cane toad]
 24198 | Lair:6   | HP: 34/141 [hell hound (3)]
 24201 | Lair:6   | HP: 14/141 [yak (3)]
 24677 | Lair:6   | You add the spells Alistair's Intoxication, Borgnjor's Vile
                  | Clutch and Eringya's Noxious Bog to your library.
 24911 | Lair:6   | Found a runed translucent door.
 24961 | Lair:6   | Reached skill level 18 in Fighting
 24961 | Lair:6   | Reached skill level 18 in Axes
 24961 | Lair:6   | Reached XP level 15. HP: 127/149 MP: 12/14
 25203 | Lair:6   | Paralysed by a hornet for 2 turns
 25437 | Lair:6   | Paralysed by a hornet for 3 turns
 25656 | Lair:6   | Reached skill level 8 in Evocations
 26128 | Orc:1    | Entered Level 1 of the Orcish Mines
 26128 | Orc:1    | Noticed Nergalle
 26128 | Orc:1    | Noticed Maurice
 26140 | Orc:1    | Killed Maurice
 26155 | Orc:1    | Killed Nergalle
 26414 | Orc:1    | Reached skill level 10 in Dodging
 26758 | Orc:1    | Received a gift from Trog
 27476 | Orc:2    | Entered Level 2 of the Orcish Mines
 27602 | Orc:2    | Found a transporter.
 27657 | Orc:2    | Found a transporter.
 27664 | Orc:2    | Found a bloodstained altar of Trog.
 27664 | Orc:2    | Noticed jasper's ghost (journeyman GrFi)
 27696 | Orc:2    | Found Jigibb's Distillery.
 27736 | Orc:2    | Bought a potion of experience for 650 gold pieces
 27736 | Orc:2    | Reached skill level 19 in Fighting
 27736 | Orc:2    | Reached XP level 16. HP: 160/160 MP: 15/15
 27842 | Orc:2    | Reached skill level 11 in Armour
 28128 | Orc:2    | HP: 53/240 [orc warrior/bolt (14)]
 28134 | Orc:2    | HP: 38/240 [orc warrior (8)]
 28141 | Orc:2    | HP: 21/240 [orc warrior (13)]
 28252 | Orc:2    | HP: 29/160 [orc warrior/bolt (15)]
 28257 | Orc:2    | Found a staircase to the Elven Halls.
 28338 | Orc:2    | Received a gift from Trog
 28772 | Orc:2    | Found Ebeataon's Weapon Boutique.
 28772 | Orc:2    | Found Erieklaz's Weapon Emporium.
 28774 | Orc:2    | Found Erax Hearo's Antique Armour Shoppe.
 28776 | Orc:2    | Found Waqist's Antique Armour Shop.
 28791 | Orc:2    | Bought the +10 broad axe of Mandamus {venom, *Noise rF+++
                  | rN+} for 1267 gold pieces
 29061 | Orc:2    | Reached skill level 11 in Shields
 29061 | Orc:2    | Reached skill level 9 in Evocations
 29076 | Orc:2    | Killed jasper's ghost
 29983 | D:13     | Received a gift from Trog
 30060 | D:13     | M - a +6 antimagic double sword {rare}
 30486 | D:13     | Reached skill level 20 in Fighting
 30499 | D:13     | Found a gate to the Vaults.
 30948 | D:13     | You drop a +6 antimagic double sword {rare}.
 31082 | D:14     | Reached skill level 11 in Dodging
 31101 | D:14     | Reached skill level 12 in Armour
 31548 | D:14     | Reached skill level 12 in Shields
 31558 | D:14     | Reached XP level 17. HP: 163/170 MP: 16/16
 31706 | D:14     | Found a white marble altar of Elyvilon.
 31957 | D:15     | Entered Level 15 of the Dungeon
 32797 | D:15     | Reached skill level 10 in Evocations
 32820 | D:15     | Reached skill level 13 in Armour
 32994 | D:15     | Reached skill level 13 in Shields
 33041 | D:15     | Found a staircase to the Depths.
 33453 | D:15     | Found a radiant altar of Vehumet.
 33816 | Shoals:1 | Entered Level 1 of the Shoals
 33878 | Snake:1  | Entered Level 1 of the Snake Pit
 33885 | Snake:1  | magus.rc [v1.11.2]
 34123 | Snake:1  | Received a gift from Trog
 34226 | Snake:1  | Reached skill level 12 in Dodging
 34393 | Snake:1  | Reached skill level 14 in Armour
 34397 | Snake:1  | HP: 62/255 [poisoned by a naga ritualist (toxic radiance)]
 34402 | Snake:1  | HP: 35/255 [poisoned by a naga ritualist (toxic radiance)]
 34405 | Snake:1  | Noticed Aizul
 34406 | Snake:1  | HP: 17/255 [poisoned by a naga ritualist (toxic radiance)]
 34408 | Snake:1  | HP: 7/170 [poisoned by a naga ritualist (toxic radiance)]
 34430 | Snake:1  | HP: 40/170 [poisoned by naga ritualist (concentrated
                  | venom)]
 34435 | Snake:1  | HP: 38/170 [poisoned by naga ritualist (concentrated
                  | venom)]
 35097 | Snake:1  | Killed Aizul
 35098 | Snake:1  | Reached skill level 14 in Shields
 36641 | Snake:2  | Noticed Vashnia
 37023 | Snake:2  | Killed Vashnia
 37023 | Snake:2  | Received a gift from Trog
 37631 | Snake:2  | Found Noxuunno's Book Emporium.
 37632 | Snake:2  | Found Zeteew's Jewellery Shop.
 37633 | Snake:2  | Found Esaul's Book Emporium.
 37710 | Snake:2  | You fall into a shaft and drop 1 floor!
 37910 | Snake:2  | Reached XP level 18. HP: 149/178 MP: 13/17
 38541 | Snake:3  | Reached skill level 15 in Armour
 38560 | Snake:3  | Reached skill level 15 in Shields
 38653 | Snake:3  | Reached skill level 11 in Evocations
 40617 | Snake:4  | Entered Level 4 of the Snake Pit
 40626 | Snake:4  | Found Popteu Biyc's Armour Shoppe.
 40640 | Snake:4  | Reached skill level 13 in Dodging
 41219 | Snake:4  | Found Sevastrai's General Store.
 41227 | Snake:4  | Bought a wand of mindburst (20) for 288 gold pieces
 41403 | Snake:4  | magus.rc [v1.11.2]
 41637 | Snake:4  | Reached skill level 16 in Armour
 41644 | Snake:4  | HP: 54/267 [naga sharpshooter/bolt (14)]
 41649 | Snake:4  | HP: 35/267 [poisoned by a guardian serpent (bolt of
                  | poison)]
 41803 | Snake:4  | Received a gift from Trog
 41810 | Snake:4  | HP: 35/267 [quicksilver dragon/bolt of dispelling energy
                  | (41)]
 42363 | Snake:4  | Got a serpentine rune of Zot
 42459 | Snake:4  | Found Moacoh's Distillery.
 42875 | Snake:4  | Found Mogeubi's Armour Shoppe.
 43285 | Shoals:1 | Identified the +6 long sword of Cegaet {elec, *Corrode
                  | rPois Str+5}
 43731 | Shoals:1 | Reached skill level 12 in Evocations
 44271 | Shoals:1 | Reached skill level 14 in Dodging
 44593 | Shoals:1 | Identified the +1 leather armour "Vuammye" {Str+6 SInv}
 44852 | Shoals:2 | Noticed Polyphemus
 45225 | Shoals:2 | Killed Polyphemus
 45349 | Shoals:2 | Found Meheor's Jewellery Emporium.
 45361 | Shoals:2 | Reached skill level 17 in Armour
 45454 | Shoals:2 | Noticed Louise
 45476 | Shoals:2 | Reached XP level 19. HP: 167/185 MP: 14/18
 45496 | Shoals:2 | Killed Louise
 45602 | Shoals:2 | a +1 eveningstar of protection {rare}; a +4 plate armour of
                  | cold resistance; a +0 tower shield
 45683 | Shoals:2 | Noticed Ilsuiw
 45717 | Shoals:2 | HP: 63/277 [water elemental[Ilsuiw] (8)]
 45722 | Shoals:2 | HP: 49/277 [poisoned by a merfolk impaler]
 45727 | Shoals:2 | HP: 38/277 [poisoned by a merfolk impaler]
 45732 | Shoals:2 | HP: 36/277 [poisoned by a merfolk impaler]
 45735 | Shoals:2 | Killed Ilsuiw
 45737 | Shoals:2 | HP: 20/185 [poisoned by a merfolk impaler]
 46277 | Shoals:2 | Received a gift from Trog
 46814 | Shoals:3 | Noticed Kirke
 46826 | Shoals:2 | Killed Kirke
 47805 | Shoals:4 | Entered Level 4 of the Shoals
 48271 | Shoals:4 | Noticed Mlioglotl
 48282 | Shoals:3 | Noticed a bone dragon
 48286 | Shoals:3 | Killed Mlioglotl
 48483 | Shoals:4 | Reached skill level 15 in Dodging
 48831 | Shoals:4 | Reached skill level 13 in Evocations
 49416 | Shoals:4 | Received a gift from Trog
 49903 | Shoals:4 | Got a barnacled rune of Zot
 49924 | Shoals:4 | Reached skill level 18 in Armour
 50119 | Shoals:4 | Got Cedghout's Volume of the Birds {forbidden}
 50257 | Shoals:4 | You pick up a book of Lightning {forbidden} and begin
                  | reading...
 50257 | Shoals:4 | You add the spells Lightning Bolt and Maxwell's Capacitive
                  | Coupling to your library.
 51331 | Elf:1    | Entered Level 1 of the Elven Halls
 51351 | Elf:1    | Found a radiant altar of Vehumet.
 51421 | Elf:1    | Found a crumbling gateway.
 51428 | Desolati | Entered the Desolation of Salt
 51497 | Desolati | Received a gift from Trog
 52462 | Desolati | Reached skill level 16 in Dodging
 52492 | Desolati | Identified the +1 mace of Stickiness {vorpal, *Slow rC+
                  | rCorr}
 52495 | Desolati | You pick up a book of Displacement {forbidden} and begin
                  | reading...
 52495 | Desolati | You add the spells Lesser Beckoning, Gell's Gravitas and
                  | Teleport Other to your library.
 52520 | Desolati | magus.rc [v1.11.2]
 52829 | Desolati | Identified the amulet of the Everdark {Faith Int+3}
 52895 | Desolati | Reached skill level 14 in Evocations
 53017 | Desolati | Reached XP level 20. HP: 187/187 MP: 12/19
 53019 | Desolati | Received a gift from Trog
 53026 | Desolati | Reached skill level 19 in Armour
 53247 | Desolati | Identified the +5 ring mail of the Grue {Dex+3}
 53275 | Desolati | You add the spells Ozocubu's Armour, Summon Ice Beast and
                  | Metabolic Englaciation to your library.
 53275 | Desolati | Got Esauhekk's Disquisition on the Snowflakes {forbidden}
 53277 | Desolati | You pick up a book of Necromancy {forbidden} and begin
                  | reading...
 53277 | Desolati | You add the spells Pain, Animate Skeleton and Vampiric
                  | Draining to your library.
 53748 | Elf:1    | Noticed Nikola
 53768 | Elf:1    | Killed Nikola
 54007 | Elf:1    | You pick up a book of Conjurations {forbidden} and begin
                  | reading...
 54007 | Elf:1    | You add the spells Searing Ray and Fulminant Prism to your
                  | library.
 54471 | Elf:1    | You add the spells Shock and Fireball to your library.
 54471 | Elf:1    | Got the Grimoire of Attacks {forbidden}
 54591 | Elf:1    | Received a gift from Trog
 55096 | Elf:2    | Paralysed by an air elemental for 1 turns
 55155 | Elf:2    | Reached skill level 17 in Dodging
 55799 | Elf:2    | Found a runed translucent gate.
 55799 | Elf:2    | Found a runed translucent gate.
 55799 | Elf:2    | Found a runed translucent gate.
 56285 | Elf:2    | Received a gift from Trog
 56500 | Elf:2    | Reached skill level 15 in Evocations
 56581 | Elf:2    | Reached skill level 20 in Armour
 57260 | Elf:3    | Entered Level 3 of the Elven Halls
 57412 | Elf:3    | Found Ledau's Book Emporium.
 57762 | Elf:3    | Reached skill level 18 in Dodging
 57790 | Elf:3    | Identified the +10 hand axe "Ommau" {flame, *Noise rPois
                  | rF+++ Will+} (Trog gifted it to you on level 3 of the Elven
                  | Halls)
 57790 | Elf:3    | Received a gift from Trog
 58226 | Elf:3    | Identified the +10 battleaxe "Viewossiwn" {elec, rPois rC+
                  | Str+2}
 58241 | Elf:3    | HP: 37/187 [deep elf master archer/arrow (12)]
 58244 | Elf:3    | HP: 17/187 [deep elf master archer/arrow (20)]
 58249 | Elf:3    | HP: 6/187 [deep elf annihilator/poison arrow (21)]
 58253 | Elf:3    | Shot with an arrow by a deep elf master archer

Vanquished Creatures
  Vashnia (Snake:2)
  Nikola (Elf:1)
  Mlioglotl (Shoals:3)
  A deep elf blademaster (Elf:3)
  2 quicksilver dragons (Snake:4)
  A kraken (Shoals:3)
  Polyphemus (Shoals:2)
  Kirke (Shoals:2)
  Ilsuiw (Shoals:2)
  2 nagarajas (Snake:4)
  Aizul (Snake:1)
  Louise (Shoals:2)
  A deep elf sorcerer (Elf:1)
  4 imperial myrmidons (Desolation)
  2 deep elf elementalists
  The ghost of jasper the Severer, a journeyman GrFi of Lugonu (Orc:2)
  3 halazid warlocks (Desolation)
  A deep elf death mage (Elf:3)
  2 ettins
  2 deep elf high priests (Elf:3)
  8 merfolk javelineers
  6 ragged hierophants (Desolation)
  2 fire dragons
  8 merfolk impalers
  A salamander tyrant (Snake:4)
  10 naga warriors
  9 boulder beetles
  9 peacekeepers (Desolation)
  10 servants of whispers (Desolation)
  3 catoblepae
  15 hydras
  3 vault guards (D:13)
  4 ogre magi
  The ghost of Rennog the Grappler, a novice TrFi of Ashenzari (D:11)
  3 alligator snapping turtles
  14 anacondas
  7 centaur warriors
  23 two-headed ogres
  2 merfolk avatars
  A merfolk aquamancer (Shoals:4)
  23 dancing weapons
  2 tengu warriors (D:15)
  4 death yaks
  8 shock serpents
  10 naga sharpshooters
  Nergalle (Orc:1)
  An orc high priest (Elf:1)
  11 deep elf knights
  3 salamander mystics (Snake:4)
  A fire crab (shapeshifter) (D:13)
  9 skeletal warriors
  A glowing orange brain (shapeshifter) (D:14)
  7 sea snakes
  10 naga ritualists
  5 ironbound convokers (Desolation)
  8 deep elf archers
  3 lindwurms
  19 ugly things
  7 harpies
  7 orc knights
  A necromancer (D:15)
  10 mana vipers
  2 wizards
  A wolf spider zombie (D:15)
  31 deep elf pyromancers
  8 cyclopes
  30 deep elf zephyrmancers
  A wolf spider (Lair:6)
  3 orc sorcerers
  21 manticores
  19 fauns
  8 merfolk sirens
  6 salamanders
  2 moths of wrath (Orc:2)
  Maurice (Orc:1)
  4 elephants
  16 guardian serpents
  12 naga magi
  46 black mambas
  24 cane toads
  6 torpor snails
  2 molten gargoyles
  An efreet (D:15)
  2 freezing wraiths (D:15)
  4 kobold demonologists
  8 rime drakes
  An unseen horror (D:11)
  7 komodo dragons
  A tengu conjurer (D:12)
  12 trolls
  A meliai (D:8)
  A wind drake (shapeshifter) (D:13)
  5 wind drakes
  2 polar bears (Lair:5)
  12 slime creatures
  13 blink frogs
  11 hornets
  31 merfolk
  4 tyrant leeches (Lair:6)
  8 dream sheep (Shoals:1)
  62 saltlings
  6 snapping turtles
  3 shadows
  A redback (shapeshifter) (Elf:2)
  3 water elementals
  2 tarantellas (Lair:2)
  7 redbacks
  A wraith (D:13)
  3 air elementals
  23 wyverns
  47 yaks
  8 humans (D:13)
  5 centaur simulacra
  7 basilisks
  8 fire elementals
  3 hogs (Shoals:2)
  3 steam dragons
  3 vampire mosquitoes (D:10)
  37 nagas
  2 wargs
  Edmund (D:6)
  9 hell hounds
  34 water moccasins
  An acid dragon (D:8)
  39 orc warriors
  5 ice beasts
  A necrophage (D:5)
  3 black bears
  15 ogres
  35 centaurs
  5 wolves (Lair:3)
  A phantom (D:5)
  2 kobold brigands
  11 bullfrogs
  A wyvern zombie (D:9)
  A gnoll sergeant (D:10)
  5 scorpions
  2 water moccasin skeletons (D:5)
  A wyvern skeleton (D:7)
  7 killer bees (D:7)
  3 wights (D:9)
  3 electric eels
  4 lava snakes (Lair:2)
  A bullfrog zombie (D:5)
  5 centaur zombies
  2 hounds (D:5)
  4 jellies
  17 orc priests
  4 centaur skeletons
  3 gnoll shamans
  3 iguanas
  15 orc wizards
  6 hell rats (Lair:6)
  A killer bee zombie (D:6)
  A hound skeleton (D:4)
  Robin (D:2)
  22 gnolls
  6 adders
  2 shadow imps
  3 white imps
  An adder skeleton (D:4)
  6 worms
  5 dart slugs
  74 orcs
  12 endoplasms
  2 giant cockroaches
  17 goblins
  11 hobgoblins
  19 kobolds
  4 quokkas
  7 ball pythons
  10 bats
  2 frilled lizards
  7 rats
  2 tentacles (Shoals:3)
1385 creatures vanquished.

Vanquished Creatures (collateral kills)
  A dancing weapon (Elf:2)
  4 naga sharpshooters (Snake:2)
  A deep elf knight (Elf:2)
  A sea snake (Shoals:4)
  A deep elf pyromancer (Elf:3)
  3 deep elf zephyrmancers
  An orc knight (Orc:2)
  2 harpies (Shoals:4)
  2 orc warriors (Orc:2)
16 creatures vanquished.

Vanquished Creatures (others)
  A deep elf knight (Elf:2)
  A sea snake (Shoals:4)
  A faun (Shoals:4)
  A merfolk (Shoals:4)
  A water elemental (Elf:2)
  A yak (Lair:6)
  A human (D:13)
  A hell rat (Lair:6)
  37 fungi
  299 plants
  4 tentacles (Shoals:3)
348 creatures vanquished.

Grand Total: 1749 creatures vanquished

Table legend:
 A = Non-vault XP
 B = Vault XP
 C = Vault XP percentage of total XP
 D = Non-vault monster count
 E = Vault monster count
 F = Vault count percentage of total count
                 A         B        C        D         E       F
            +---------+---------+-------+---------+---------+-------
      Total |  279708 |  233778 |  45.5 |     842 |     560 |  39.9
            +---------+---------+-------+---------+---------+-------
        D:1 |      45 |      15 |  25.0 |      19 |       8 |  29.6
        D:2 |     148 |      26 |  14.9 |      20 |       7 |  25.9
        D:3 |     131 |       0 |   0.0 |      28 |       0 |   0.0
        D:4 |     383 |       0 |   0.0 |      24 |       0 |   0.0
        D:5 |    1079 |     201 |  15.7 |      16 |       6 |  27.3
        D:6 |    1672 |     341 |  16.9 |      19 |       2 |   9.5
        D:7 |    1288 |      65 |   4.8 |      21 |      13 |  38.2
        D:8 |     851 |    1758 |  67.4 |      11 |       9 |  45.0
        D:9 |    2777 |     851 |  23.5 |      13 |      18 |  58.1
       D:10 |    4270 |       0 |   0.0 |      31 |       0 |   0.0
       D:11 |    2218 |    1922 |  46.4 |       8 |      10 |  55.6
       D:12 |    9403 |     731 |   7.2 |      22 |       4 |  15.4
       D:13 |    9716 |    9294 |  48.9 |      26 |      20 |  43.5
       D:14 |   16449 |       2 |   0.0 |      29 |       1 |   3.3
       D:15 |   24242 |    4878 |  16.8 |      43 |       9 |  17.3
     Lair:1 |    5119 |     886 |  14.8 |      18 |       4 |  18.2
     Lair:2 |    2556 |    4773 |  65.1 |      12 |      14 |  53.8
     Lair:3 |    3976 |    2157 |  35.2 |      16 |       9 |  36.0
     Lair:4 |    4923 |    2544 |  34.1 |      16 |      11 |  40.7
     Lair:5 |    8052 |    5993 |  42.7 |      26 |      12 |  31.6
     Lair:6 |   11899 |   22618 |  65.5 |      40 |      84 |  67.7
   Shoals:1 |   17669 |    3260 |  15.6 |      39 |       4 |   9.3
   Shoals:2 |   12893 |    9036 |  41.2 |      26 |      11 |  29.7
   Shoals:3 |    8655 |    1801 |  17.2 |      16 |       1 |   5.9
   Shoals:4 |   14208 |   17318 |  54.9 |      29 |      29 |  50.0
    Snake:1 |   18513 |    2158 |  10.4 |      38 |       3 |   7.3
    Snake:2 |   11295 |   10149 |  47.3 |      21 |      13 |  38.2
    Snake:3 |   28182 |       0 |   0.0 |      58 |       0 |   0.0
    Snake:4 |    9189 |   18241 |  66.5 |      15 |      26 |  63.4
      Orc:1 |    6633 |    1403 |  17.5 |      53 |       9 |  14.5
      Orc:2 |    2121 |   11658 |  84.6 |      19 |      48 |  71.6
      Elf:1 |   14918 |   14513 |  49.3 |      30 |      21 |  41.2
      Elf:2 |   14333 |   21613 |  60.1 |      24 |      29 |  54.7
      Elf:3 |    9902 |    7652 |  43.6 |      16 |       9 |  36.0
    Volcano |       0 |    5391 | 100.0 |       0 |      16 | 100.0
 Desolation |       0 |   50530 | 100.0 |       0 |     100 | 100.0
            +---------+---------+-------+---------+---------+-------

Illustrated notes

Table legend:
 A = Kills in this place as a percentage of kills in entire the game.
 B = Kills by you in this place as a percentage of kills by you in the entire game.
 C = Kills by friends in this place as a percentage of kills by friends in the entire game.
 D = Other kills in this place as a percentage of other kills in the entire game.
 E = Experience gained in this place as a percentage of experience gained in the entire game.
 F = Experience gained in this place divided by the number of levels of this place that you have seen.
                   A       B       C       D       E      F
               +-------+-------+-------+-------+-------+----------------------
         Total | 100.0 | 100.0 | 100.0 | 100.0 | 100.0 | 13878.0
       Dungeon |  31.2 |  31.6 |   0.0 |   0.0 |  18.5 | 6317.1
          Lair |  18.7 |  18.8 |   0.0 |  66.7 |  14.7 | 12582.7
        Shoals |  11.1 |  11.0 |  18.8 |   0.0 |  16.5 | 21210.0
     Snake Pit |  12.4 |  12.3 |  25.0 |   0.0 |  19.0 | 24431.8
  Orcish Mines |   9.2 |   9.1 |  18.8 |   0.0 |   4.2 | 10907.5
   Elven Halls |   9.2 |   8.8 |  37.5 |  33.3 |  16.2 | 27643.7
       Volcano |   1.1 |   1.2 |   0.0 |   0.0 |   1.0 | 5391.0
    Desolation |   7.1 |   7.2 |   0.0 |   0.0 |   9.8 | 50530.0
               +-------+-------+-------+-------+-------+----------------------

Table legend: (Time is in decaauts)
 A = Elapsed time spent in this place.
 B = Non-inter-level travel time spent in this place.
 C = Inter-level travel time spent in this place.
 D = Time resting spent in this place.
 E = Time spent auto-exploring this place.
 F = Levels seen in this place.
 G = Mean time per level.
                   A        B        C        D        E       F      G
               +--------+--------+--------+--------+--------+-----+--------+
         Total |  58167 |  55895 |   2272 |  13783 |  31765 |  37 | 1572.1 |
       Dungeon |  20628 |  19590 |   1038 |   3368 |  13020 |  15 | 1375.2 |
        Temple |    182 |    143 |     39 |      0 |    129 |   1 |  182.0 |
          Lair |  10190 |   9490 |    700 |   1842 |   6049 |   6 | 1698.3 |
        Shoals |   8342 |   8166 |    176 |   2366 |   4305 |   4 | 2085.5 |
     Snake Pit |   8476 |   8348 |    128 |   3067 |   3954 |   4 | 2119.0 |
  Orcish Mines |   3268 |   3091 |    177 |    931 |   1475 |   2 | 1634.0 |
   Elven Halls |   4603 |   4590 |     13 |   1104 |   2267 |   3 | 1534.3 |
       Volcano |    317 |    317 |      0 |    100 |     87 |   1 |  317.0 |
    Desolation |   2156 |   2156 |      0 |   1002 |    478 |   1 | 2156.0 |
               +--------+--------+--------+--------+--------+-----+--------+

Top non-repeatable levels by time:
  Lair:5: 2670 daAuts
 Snake:2: 2599 daAuts
Shoals:3: 2521 daAuts
 Snake:4: 2354 daAuts
Shoals:1: 2166 daAuts
Desolation: 2156 daAuts
  Lair:6: 2119 daAuts
   Elf:2: 2104 daAuts
 Snake:1: 2050 daAuts
  Lair:4: 1970 daAuts
   Orc:2: 1959 daAuts
     D:1: 1946 daAuts
Shoals:4: 1908 daAuts
Shoals:2: 1746 daAuts
    D:12: 1621 daAuts
